 Dungeon Crawl Stone Soup version 0.30-a0-341-g682706514a (webtiles) character file.

Game seed: 17593938676201687124

18 funkygono the Conjurer (level 2, -2/4 (22) HPs)
             Began as a Demonspawn Reaver on Nov 2, 2022.
             Slain by a quokka (4 damage)
             ... on level 1 of the Dungeon.
             The game lasted 00:01:28 (988 turns).

funkygono the Conjurer (Demonspawn Reaver)           Turns: 988, Time: 00:01:28

HP:   -2/4 (22)     AC:  3    Str: 12    XL:     2   Next: 51%
MP:   3/5           EV: 11    Int: 14    God:
Gold: 39            SH:  0    Dex: 11    Spells: 3/5 levels left

rFire   . . .      SeeInvis .    c - +0 long sword
rCold   . . .      Faith    .    (no shield)
rNeg    . . .      Spirit   .    b - +0 leather armour
rPois   .          Reflect  .    (no helmet)
rElec   .          Harm     .    (no cloak)
rCorr   .          Rampage  .    (no gloves)
Will    .....                    (no boots)
Stlth   +.........               (no amulet)
HPRegen 0.20/turn                (no ring)
MPRegen 0.09/turn                (no ring)

@: extremely drained
A: powered by death 1
a: no special abilities


You were on level 1 of the Dungeon.
You visited 1 branch of the dungeon, and saw 2 of its levels.

You collected 39 gold pieces.

Inventory:

Hand Weapons
 a - a +0 falchion
 c - a +0 long sword (weapon)
Armour
 b - a +0 leather armour (worn)
Scrolls
 d - a scroll of vulnerability {unknown}
 e - a scroll of silence {unknown}
 f - a scroll of blinking {unknown}
 g - a scroll of amnesia {unknown}
 h - a scroll of teleportation {unknown}
Potions
 i - a potion of curing {unknown}


   Skills:
 + Level 2.0 Fighting
 + Level 2.9 Long Blades
 + Level 0.2 Armour
 + Level 1.9 Dodging
 + Level 2.1 Spellcasting
 + Level 3.3 Conjurations


You had 3 spell levels left.
You knew the following spells:

 Your Spells              Type           Power      Damage    Failure   Level
a - Kiss of Death         Conj/Necr      24%        2d7       16%         1
b - Sting                 Tmut/Pois      4%         1d3       30%         1

Your spell library contained the following spells:

 Spells                   Type           Power      Damage    Failure   Level
 Momentum Strike          Conj/Tloc      12%        3d8       22%         2
 Poisonous Vapours        Pois/Air       2%         N/A       41%         2
 Hailstorm                Conj/Ice       6%         3d4       41%         3
 Olgreb's Toxic Radiance  Pois           1%         N/A       96%         4


Dungeon Overview and Level Annotations

Branches:
Dungeon (2/15)

Altars:


Innate Abilities, Weirdness & Mutations

You regenerate a little health from kills.


Message History

You kill the bat!
You feel drained.
i - a sedimented green potion
There is an open door here.
There is an open door here.
There is an open door here.
Things that are here:
a +0 short sword; a kobold skeleton
There is an open door here.
You see here a +0 club.
There is an open door here.
There is an open door here.
There is an open door here.
You open the door.
There is an open door here.
A kobold comes into view. It is wielding a +0 club.
A quokka comes into view.
Casting: Kiss of Death (safe; 16% risk of failure)
Confirm with . or Enter, or press ? or * to list all spells.
Aiming: Sting (safe; 30% risk of failure)
Press: ? - help, Shift-Dir - straight line, f - kobold
Aim: a kobold, wielding a +0 club (55% to hit)
The sting hits the kobold but does no damage.
The kobold is poisoned.
You kill the kobold!
Casting: Sting (safe; 30% risk of failure)
Confirm with . or Enter, or press ? or * to list all spells.
Aiming: Sting (safe; 30% risk of failure)
Press: ? - help, Shift-Dir - straight line, f - quokka
Aim: a quokka (51% to hit)
The sting hits the quokka but does no damage.
The quokka is poisoned.
The quokka bites you but does no damage.
The quokka bites you.
Ouch! That really hurt!
You barely miss the quokka.
The quokka is moderately wounded.
The quokka bites you.
Ouch! That really hurt!
You die...

.# ###+###
#.##........##.# .## #...#
##.#.........##.# #.####
#..^# ####.##.###.###.##..
##...####'####...###.# #.#
#.#### ####.........####
#.###.###.###. ###########
#.........##.. .......
####..#####...
#......########...####....
....).).r@...........'....
#...###########...####....
# ##..# ##... ###.# ##..
#...# ##. #.### ## #.# #
#.# # #.# ##


You could see a quokka (poisoned).

Vanquished Creatures
  A dart slug (D:2)
  2 endoplasms (D:1)
  3 goblins
  3 hobgoblins (D:1)
  A ball python (D:1)
  A bat (D:1)
  A frilled lizard (D:2)
  4 kobolds
16 creatures vanquished.

Notes
Turn   | Place    | Note
-------+----------+-------------------------------------------
     0 | D:1      | funkygono the Demonspawn Reaver began the quest for the
                  | Orb.
     0 | D:1      | Reached XP level 1. HP: 16/16 MP: 3/3
    84 | D:1      | You fall into a shaft and drop 1 floor!
   341 | D:1      | Gained mutation: You regenerate a little health from kills.
                  | [demonic ancestry]
   341 | D:1      | Reached XP level 2. HP: 10/15 MP: 3/5
   388 | D:1      | Learned a level 1 spell: Sting
   988 | D:1      | Slain by a quokka

Illustrated notes

Levels and vault maps discovered:
D:1:      dpeg_arrival_another_circle, layout_loops_corners
D:2:      layout_rooms, amethyst_killhole, kennysheep_generic_room_4,
          uniq_robin, uniq_terence, uniq_crazy_yiuf_cottage

Action                   || total
-------------------------++-------
Melee: Long sword        ||    17
       Punch             ||     1
 Cast: Kiss of Death     ||     6
       Sting             ||    11
Armor: Leather armour    ||     4
Dodge: Dodged            ||    16

Table legend: (Time is in decaauts)
 A = Elapsed time spent in this place.
 B = Non-inter-level travel time spent in this place.
 C = Inter-level travel time spent in this place.
 D = Time resting spent in this place.
 E = Time spent auto-exploring this place.
 F = Levels seen in this place.
 G = Mean time per level.
                   A        B        C        D        E       F      G
               +--------+--------+--------+--------+--------+-----+--------+
         Total |    992 |    992 |      0 |      0 |    865 |   2 |  496.0 |
       Dungeon |    992 |    992 |      0 |      0 |    865 |   2 |  496.0 |
               +--------+--------+--------+--------+--------+-----+--------+

Top non-repeatable levels by time:
     D:1: 902 daAuts
     D:2: 89 daAuts
